 Dungeon Sprint DCSS version 0.20-a0-40-gb6e7b4f (webtiles) character file.

989 esc the Thaumaturge (level 7, 0/47 HPs)
             Began as a Deep Elf Fire Elementalist on Nov 11, 2016.
             Was an Initiate of Vehumet.
             Succumbed to Sonja's poison
             ... in the Dungeon (Sprint I: "Red Sonja").
             The game lasted 00:02:34 (462 turns).

esc the Thaumaturge (Deep Elf Fire Elementalist)     Turns: 462, Time: 00:02:35

Health: 0/47       AC:  2    Str:  5    XL:     7   Next: 98%
Magic:  20/23      EV: 19    Int: 22    God:    Vehumet [......]
Gold:   297        SH:  0    Dex: 15    Spells: 2 memorised, 22 levels left

rFire  . . .     SeeInvis .     h - +0 club
rCold  . . .     Gourm    .     a - +0 robe
rNeg   . . .     Faith    .     (no shield)
rPois  .         Spirit   .     (no helmet)
rElec  .         Reflect  .     (no cloak)
rCorr  .         Harm     .     (no gloves)
MR     .....     NoTele   +     (no boots)
Stlth  ++........               (no amulet)
                                (no ring)
                                (no ring)

@: lethally poisoned (0 -> -5)
A: no striking features
a: Renounce Religion


You were in the Dungeon.
You worshipped Vehumet.
Vehumet was noncommittal.
You were not hungry.

You visited 1 branch You collected 297 gold pieces.

Inventory:

Hand Weapons
 h - a +0 club (weapon)
   (You took it off Ijyb in the Dungeon)
Armour
 a - a +0 robe (worn)
Scrolls
 i - a scroll of blinking {!r}
 k - a scroll of immolation {unknown}
Potions
 f - a potion of haste
 g - 2 potions of magic
Books
 b - a book of Flames
Comestibles
 c - a bread ration {@e1}
 j - 4 chunks of flesh {@w0}


   Skills:
 + Level 6.4 Fighting
 + Level 9.6 Dodging
 - Level 2.4 Stealth
 + Level 10.5 Spellcasting
 + Level 8.6 Conjurations
 + Level 9.2 Fire Magic


You had 22 spell levels left.
You knew the following spells:

 Your Spells              Type           Power        Failure   Level  Hunger
a - Flame Tongue          Conj/Fire      #####        1%          1    None
s - Sticky Flame          Conj/Fire      ######..     1%          4    #......


Dungeon Overview and Level Annotations

Branches:
Dungeon (1/1)

Altars:
Cheibriados
Dithmenos
Elyvilon
Fedhas
Gozag
Hepliaklqana
Kikubaaqudgha
Nemelex Xobeh
Okawaru
Qazlal
Ru
Sif Muna
Trog
Uskayaw
Vehumet
Yredelemnul
Zin
The Shining One

Shops:
D (


Message History

You are more poisoned.
There is an open door here.
You take 5 damage, and have 26/40 hp.
Unknown command.
Unknown command.
Unknown command.
Aim: Sonja, wielding a dagger of venom The sticky flame hits Sonja.
Sonja is covered in liquid flames!
You feel very sick.
Sonja burns!
Sonja hits you with an uncursed dagger of venom. x2
You are more poisoned.
Sonja closely misses you.
Sonja hits you with an uncursed dagger of venom.
Sonja completely misses you. Sonja misses you.
You take 10 damage, and have 16/40 hp.
MASSIVE DAMAGE!!
You now have 16/20 mp.
You feel better.
Sonja burns! x2
Sonja hits you with an uncursed dagger of venom!
You are poisoned.
Sonja completely misses you.
Sonja hits you with an uncursed dagger of venom.
You are lethally poisoned!
Sonja hits you with an uncursed dagger of venom.
* * * LOW HITPOINT WARNING * * *
You are more poisoned.
Sonja hits you but does no damage.
You are more poisoned.
Sonja barely misses you.
You take 5 damage, and have 11/40 hp.
You feel much better.
You feel very sick.
Sonja burns!
Sonja gestures wildly while chanting.
Sonja blinks!
You regained 12 hp, and now have 23/40 hp.
Aim: Sonja, wielding a dagger of venom (severely wounded, covered in liquid flames)
The flame tongue hits Sonja.
You feel very sick.
Sonja burns! x2
Sonja mumbles some strange words.
Sonja blinks!
You take 3 damage, and have 20/40 hp.
You feel very sick. Vehumet accepts your kill.
Your Fighting skill increases to level 6!
Your Dodging skill increases to level 9!
Your Spellcasting skill increases to level 10!
Your Conjurations skill increases to level 8!
Your Fire Magic skill gained 2 levels and is now at level 9!
You have reached level 7!
You feel a bit more experienced.
You feel very sick.
You take 3 damage, and have 17/47 hp.
* * * LOW HITPOINT WARNING * * *
You feel very sick.
You see here a curare-tipped needle.
You take 3 damage, and have 14/47 hp.
Okay, then.
There is a lethal amount of poison in your body!
You feel yourself speed up.
* * * LOW HITPOINT WARNING * * *
You feel sick.
You take 1 damage, and have 13/47 hp.
* * * LOW HITPOINT WARNING * * *
You feel sick.
You take 2 damage, and have 11/47 hp.
* * * LOW HITPOINT WARNING * * *
You feel sick.
You take 1 damage, and have 10/47 hp.
* * * LOW HITPOINT WARNING * * *
You feel sick.
You take 2 damage, and have 8/47 hp.
* * * LOW HITPOINT WARNING * * *
You feel sick.
You take 1 damage, and have 7/47 hp.
* * * LOW HITPOINT WARNING * * *
You feel sick.
You take 1 damage, and have 6/47 hp.
* * * LOW HITPOINT WARNING * * *
You feel sick.
* * * LOW HITPOINT WARNING * * *
You feel sick.
You take 1 damage, and have 5/47 hp.
* * * LOW HITPOINT WARNING * * *
You feel sick.
You take 1 damage, and have 4/47 hp.
* * * LOW HITPOINT WARNING * * *
You feel sick.
You take 1 damage, and have 3/47 hp.
* * * LOW HITPOINT WARNING * * *
You feel sick.
You take 1 damage, and have 2/47 hp.
* * * LOW HITPOINT WARNING * * *
You feel sick.
You take 1 damage, and have 1/47 hp.
* * * LOW HITPOINT WARNING * * *
You feel sick.
You die...

#..#####'#####'#
#..####..#...#.#
#..#__####..##[#
#..#_____##'#..+
#⌠⌠#_.∩...'.(._#
####_..__##_.#'#
#_____###'#[#
#########.###


+$@$+ #$.$# ##(## #+# There were no monsters in sight!

Vanquished Creatures
  Sonja (D)
  A yak (D)
  Sigmund (D)
  An ogre (D)
  A jelly (D)
  Ijyb (D)
6 creatures vanquished.

Notes
Turn   | Place    | Note
-------+----------+-------------------------------------------
     0 | D        | esc the Deep Elf Fire Elementalist began the quest for the Orb.
     0 | D        | Reached XP level 1. HP: 10/10 MP: 6/6
     1 | D        | Noticed Ijyb
    12 | D        | Killed Ijyb
    12 | D        | Reached skill level 1 in Fighting
    12 | D        | Reached skill level 3 in Dodging
    12 | D        | Reached skill level 4 in Spellcasting
    12 | D        | Reached skill level 2 in Conjurations
    12 | D        | Reached skill level 4 in Fire Magic
    12 | D        | Reached XP level 2. HP: 12/17 MP: 0/9
   175 | D        | Noticed an ogre
   179 | D        | Killed an ogre
   179 | D        | Reached skill level 3 in Fighting
   179 | D        | Reached skill level 5 in Dodging
   179 | D        | Reached skill level 6 in Spellcasting
   179 | D        | Reached skill level 4 in Conjurations
   179 | D        | Reached skill level 5 in Fire Magic
   179 | D        | Reached XP level 3. HP: 23/23 MP: 5/12
   179 | D        | Reached XP level 4. HP: 28/28 MP: 5/14
   203 | D        | Learned a level 4 spell: Sticky Flame
   242 | D        | Noticed Sigmund
   247 | D        | Killed Sigmund
   247 | D        | Reached skill level 4 in Fighting
   247 | D        | Reached skill level 7 in Dodging
   247 | D        | Reached skill level 7 in Spellcasting
   247 | D        | Reached skill level 5 in Conjurations
   247 | D        | Reached skill level 6 in Fire Magic
   247 | D        | Reached XP level 5. HP: 34/34 MP: 7/17
   323 | D        | Found a deep blue altar of Sif Muna.
   325 | D        | Found a radiant altar of Vehumet.
   329 | D        | Reached skill level 8 in Spellcasting
   329 | D        | Reached skill level 6 in Conjurations
   329 | D        | Reached skill level 7 in Fire Magic
   329 | D        | Reached XP level 6. HP: 27/39 MP: 14/19
   343 | D        | Found Ceekemp's Weapon Emporium.
   343 | D        | Found an ancient bone altar of Kikubaaqudgha.
   343 | D        | Found a stormy altar of Qazlal.
   343 | D        | Found a blossoming altar of Fedhas.
   343 | D        | Found a bloodstained altar of Trog.
   343 | D        | Found an iron altar of Okawaru.
   343 | D        | Found a glowing golden altar of the Shining One.
   343 | D        | Found a glowing silver altar of Zin.
   343 | D        | Found a white marble altar of Elyvilon.
   343 | D        | Noticed a yak
   346 | D        | Found a hazy altar of Hepliaklqana.
   346 | D        | Found a hide-covered altar of Uskayaw.
   346 | D        | Found a sacrificial altar of Ru.
   352 | D        | Killed a yak
   352 | D        | Reached skill level 5 in Fighting
   352 | D        | Reached skill level 8 in Dodging
   352 | D        | Reached skill level 9 in Spellcasting
   352 | D        | Reached skill level 7 in Conjurations
   356 | D        | Found a basalt altar of Yredelemnul.
   356 | D        | Found a snail-covered altar of Cheibriados.
   356 | D        | Found a shadowy altar of Dithmenos.
   358 | D        | Found an opulent altar of Gozag.
   360 | D        | Became a worshipper of Vehumet
   376 | D        | Found a sparkling altar of Nemelex Xobeh.
   434 | D        | Noticed Sonja
   444 | D        | Killed Sonja
   444 | D        | Reached skill level 6 in Fighting
   444 | D        | Reached skill level 9 in Dodging
   444 | D        | Reached skill level 10 in Spellcasting
   444 | D        | Reached skill level 8 in Conjurations
   444 | D        | Reached skill level 9 in Fire Magic
   444 | D        | Reached XP level 7. HP: 20/47 MP: 17/23
   448 | D        | HP: 11/47 [poisoned by Sonja]
   453 | D        | HP: 6/47 [poisoned by Sonja]
   458 | D        | HP: 2/47 [poisoned by Sonja]
   462 | D        | Succumbed to Sonja's poison

Vault maps used:
D:        dungeon_sprint_1

Skill      XL: |  1  2  3  4  5  6 |
---------------+-------------------+-----
Fighting       | 1 3 4 6 |  6.4
Dodging        | 3 5 7 9 |  9.6
Spellcasting   | 4 6 7 8 10 | 10.5
Conjurations   | 2 4 5 6 8 |  8.6
Fire Magic     | 4 5 6 7 9 |  9.2
Stealth        | |  2.4

Action                   |  1- 3 |  4- 6 |  7- 9 || total
-------------------------+-------+-------+-------++-------
Melee: Unarmed           |     4 |       |       ||     4
       Club              |       |     1 |       ||     1
 Cast: Flame Tongue      |     7 |     8 |       ||    15
       Sticky Flame      |       |     4 |       ||     4
  Use: Potion            |     1 |     2 |       ||     3
Armor: Robe              |     1 |     2 |       ||     3
Dodge: Dodged            |     6 |    17 |       ||    23

Vault maps used:
D:        dungeon_sprint_1

Table legend:
 A = Turns spent in this place as a percentage of turns spent in the entire game.
 B = Non-inter-level travel turns spent in this place as a percentage of non-inter-level travel turns spent in the entire game.
 C = Inter-level travel turns spent in this place as a percentage of turns spent in this place.
 D = Turns resting spent in this place as a percentage of non-inter-level travel turns spent in this place.
 E = Turns spent auto-exploring this place as a percentage of non-inter-level travel turns spent in this place.
 F = Non-inter-level travel turns spent in this place divided by the number of levels of this place that you've seen.
                   A       B       C       D       E      F
               +-------+-------+-------+-------+-------+----------------------
         Total | 100.0 | 100.0 |   0.0 |   9.4 |   0.6 | 160.0
       Dungeon | 100.0 | 100.0 |   0.0 |   9.4 |   0.6 | 160.0
               +-------+-------+-------+-------+-------+----------------------

Table legend:
 A = Kills in this place as a percentage of kills in entire the game.
 B = Kills by you in this place as a percentage of kills by you in the entire game.
 C = Kills by friends in this place as a percentage of kills by friends in the entire game.
 D = Other kills in this place as a percentage of other kills in the entire game.
 E = Experience gained in this place as a percentage of experience gained in the entire game.
 F = Experience gained in this place divided by the number of levels of this place that you have seen.
                   A       B       C       D       E      F
               +-------+-------+-------+-------+-------+----------------------
         Total | 100.0 | 100.0 |  -nan |  -nan | 100.0 | 1414.0
       Dungeon | 100.0 | 100.0 |  -nan |  -nan | 100.0 | 1414.0
               +-------+-------+-------+-------+-------+----------------------
